 Seeded DCSS version 0.29.1-13-g9f3cf754e1 (webtiles) character file.

Game seed: 16245865983455551772 (custom seed)

86460 OTABOTABOTAB the Eclecticist (level 15, -6/99 HPs)
             Began as an Octopode Conjurer on Jan 24, 2023.
             Was a High Priest of Sif Muna.
             Shot with a bolt by a yaktaur captain (24 damage)
             ... on level 13 of the Dungeon.
             The game lasted 01:06:21 (26656 turns).

OTABOTABOTAB the Eclecticist (Octopode Conjurer)   Turns: 26656, Time: 01:06:22

Health: -6/99      AC:  2    Str:  7    XL:     15   Next: 87%
Magic:  27/34      EV: 15    Int: 49    God:    Sif Muna [*****.]
Gold:   2104       SH:  9    Dex: 11    Spells: 21/44 levels left

rFire   . . .      SeeInvis .   j - staff of conjuration
rCold   + . .      Faith    .   g - +3 warlock's mirror {reflect}
rNeg    . . .      Spirit   .   A - +1 hat "Ucuef" {Will+ Slay+3 Stlth+}
rPois   .          Reflect  +   c - amulet of magic regeneration
rElec   .          Harm     .   x - +6 ring of intelligence
rCorr   +          Rampage  .   k - ring "Hyvuanoa" {rCorr Int+4}
Will    ++...                   h - +6 ring of intelligence
Stlth   ++++......              u - +6 ring of intelligence
HPRegen 0.26/turn               C - ring of protection from cold {rC+, !d}
MPRegen 0.64/turn               (no ring)
                                (no ring)
                                (no ring)

@: no status effects
A: almost no armour, amphibious, 8 rings, camouflage 1, gelatinous body 1,
(nimble swimmer 1), tentacles
a: Renounce Religion, Channel Magic, Forget Spell, Divine Exegesis


You were on level 13 of the Dungeon.
You worshipped Sif Muna.
Sif Muna was extremely pleased with you.
You visited 4 branches of the dungeon, and saw 21 of its levels.
You also visited: Ice Cave.

You collected 2374 gold pieces.
You spent 270 gold pieces at shops.

Inventory:

Armour
 g - the +3 warlock's mirror (worn) {reflect}
   (You acquired it on level 1 of the Dungeon)

   It can block and reflect piercing ranged attacks and magical attacks against
   the wielder's willpower.
 A - the +1 hat "Ucuef" (worn) {Will+ Slay+3 Stlth+}
   (You bought it in a shop on level 2 of the Orcish Mines)

   Slay:      It affects your accuracy & damage with ranged weapons and melee
   (+3).
   Will:      It increases your willpower.
   Stlth:     It makes you more stealthy.
Magical Staves
 j - a staff of conjuration (weapon)
   (You acquired it on level 1 of the Dungeon)
Jewellery
 c - an amulet of magic regeneration (around mantle)
   (You found it on level 2 of the Lair of Beasts)
 f - a ring of fire {rF+, rC-}
   (You found it on level 4 of the Lair of Beasts)
 h - a +6 ring of intelligence (on tentacle)
   (You found it on level 1 of the Dungeon)
 k - the ring "Hyvuanoa" (right tentacle) {rCorr Int+4}
   (You acquired it on level 1 of the Dungeon)

   [ring of resist corrosion]

   Int:       It affects your intelligence (+4).
   rCorr:     It protects you from acid and corrosion.
 o - an amulet of regeneration
   (You took it off an orc on level 3 of the Dungeon)
 u - a +6 ring of intelligence (on tentacle)
   (You took it off an orc wizard on level 8 of the Dungeon)
 x - a +6 ring of intelligence (left tentacle)
   (You found it on level 1 of the Dungeon)
 C - a ring of protection from cold (on tentacle) {rC+, !d}
   (You found it on level 2 of the Lair of Beasts)
 E - a ring of ice {rC+, rF-}
   (You took it off Fannar on level 10 of the Dungeon)
Wands
 d - a wand of digging (7)
   (You found it on level 12 of the Dungeon)
 e - a wand of charming (27)
   (You took it off an orc on level 7 of the Dungeon)
 q - a wand of flame (132)
   (You took it off an orc on level 6 of the Dungeon)
 y - a wand of mindburst (11)
   (You found it on level 3 of the Lair of Beasts)
 D - a wand of roots (46)
   (You found it on level 3 of the Dungeon)
Scrolls
 b - 9 scrolls of amnesia
 l - 4 scrolls of identify {@r1}
 n - 3 scrolls of enchant armour
 r - 2 scrolls of enchant weapon
 w - a scroll of torment {!r}
 X - a scroll of magic mapping {@r4!r}
 Y - 13 scrolls of teleportation {@r3}
Potions
 a - a potion of might
 i - 2 potions of cancellation
 p - 8 potions of attraction {!q}
 B - 8 potions of brilliance
 I - a potion of invisibility
 J - 7 potions of curing {@q1}
 L - 3 potions of flight
 M - 4 potions of magic
 N - 2 potions of heal wounds {@q2}
 P - 5 potions of lignification {!q}
 T - 4 potions of berserk rage {!q}
 U - 2 potions of mutation {!q}
Miscellaneous
 m - a phantom mirror
   (You found it on level 5 of the Lair of Beasts)
 s - a tin of tremorstones (2/2)
   (You found it on level 5 of the Lair of Beasts)
 t - a piece from Xom's chessboard (15/15)
   (You found it in an ice cave)
 v - a lightning rod (4/4)
   (You found it on level 11 of the Dungeon)
 z - a box of beasts
   (You found it on level 5 of the Lair of Beasts)


   Skills:
 + Level 7.8 Fighting
 + Level 8.2 Dodging
 - Level 2.9 Stealth
 - Level 10.0 Shields
 - Level 15.0 Spellcasting
 + Level 14.1 Conjurations
 - Level 5.0 Hexes
 - Level 5.0 Translocations
 - Level 10.0 Invocations


You had 21 spell levels left.
You knew the following spells:

 Your Spells              Type           Power      Damage    Failure   Level
a - Magic Dart            Conj           100%       1d8       0%          1
b - Searing Ray           Conj           100%       2d8       0%          2
c - Fulminant Prism       Conj/Hex       57%        3d25      1%          4
d - Orb of Destruction    Conj           66%        9d16      1%          7
e - Blink                 Tloc           100%       N/A       1%          2
s - Swiftness             Air            36%        N/A       1%          3
x - Iskenderun's Mystic   Conj/Tloc      100%       2d19      1%          4

Your spell library contained the following spells:

 Spells                   Type           Power      Damage    Failure   Level
 Freeze                   Ice            100%       1d11      1%          1
 Shock                    Conj/Air       100%       1d9       1%          1
 Sting                    Tmut/Pois      100%       1d8       1%          1
 Ensorcelled Hibernation  Hex/Ice        100%       N/A       1%          2
 Poisonous Vapours        Pois/Air       72%        N/A       1%          2
 Static Discharge         Conj/Air       100%       3-16/arc  1%          2
 Confusing Touch          Hex            72%        N/A       1%          3
 Dazzling Flash           Conj/Hex       100%       N/A       1%          3
 Lesser Beckoning         Tloc           72%        N/A       1%          3
 Mephitic Cloud           Conj/Pois/Air  90%        N/A       1%          3
 Portal Projectile        Hex/Tloc       100%       N/A       1%          3
 Spider Form              Tmut/Pois      36%        N/A       1%          3
 Summon Guardian Golem    Hex/Summ       57%        N/A       1%          3
 Teleport Other           Tloc           72%        N/A       1%          3
 Tukima's Dance           Hex            72%        N/A       1%          3
 Hailstorm                Conj/Ice       100%       3d20      1%          4
 Anguish                  Hex/Necr       28%        N/A       2%          4
 Manifold Assault         Tloc           72%        N/A       2%          5
 Conjure Ball Lightning   Conj/Air       51%        3x3d18    6%          6
 Airstrike                Air            18%        2d(3-19)  7%          4
 Ice Form                 Ice/Tmut       36%        N/A       7%          4
 Olgreb's Toxic Radiance  Pois           36%        N/A       7%          4
 Metabolic Englaciation   Hex/Ice        28%        N/A       7%          5
 Summon Forest            Summ/Tloc      28%        N/A       7%          5
 Summon Mana Viper        Hex/Summ       57%        N/A       7%          5
 Yara's Violent Unravell  Hex/Tmut       28%        3d12      7%          5
 Blade Hands              Tmut           18%        N/A       19%         5
 Spellforged Servitor     Conj/Summ      51%        N/A       32%         7
 Enfeeble                 Hex            36%        N/A       58%         7
 Summon Cactus Giant      Summ           18%        N/A       71%         6
 Ozocubu's Refrigeration  Ice            18%        4d11      99%         7
 Chain Lightning          Conj/Air       51%        3d68      100%        9
 Fire Storm               Conj/Fire      51%        8d13      100%        9
 Shatter                  Erth           18%        3d17*     100%        9


Dungeon Overview and Level Annotations

Branches:
Dungeon (13/15)            Temple (1/1) D:5            Lair (5/5) D:8
  Swamp (0/4) Lair:3        Snake (0/4) Lair:2        Slime (0/5) Lair:4
    Orc (2/2) D:12            Elf (0/3) Orc:2         IceCv (visited)
 Vaults: D:13-14

Altars:
Ashenzari
Cheibriados
Dithmenos
Elyvilon
Fedhas
Gozag
Hepliaklqana
Kikubaaqudgha
Makhleb
Nemelex Xobeh
Okawaru
Qazlal
Ru
Sif Muna
Trog
Uskayaw
Vehumet
Xom
Yredelemnul
Zin
The Shining One

Shops:
D:3 [   D:4 *:[   D:7 =   Orc:1 *   Orc:2 ([((


Innate Abilities, Weirdness & Mutations

You cannot wear most types of armour.
You are amphibious.
You can wear up to eight rings at the same time.
Your skin changes colour to match your surroundings (Stealth+).
Your rubbery body absorbs attacks. (AC +1, EV +1)
((You are camouflaged when in or above water. (Stealth+)))
You have tentacles for arms and can constrict up to eight enemies at once.


Message History

The slime creature is knocked back by the mystic blast.
The slime creature collides with the large slime creature!
You can't see any susceptible monsters within range! (Use Z to cast anyway.)
You feel a surge of power!
The magic dart hits the slime creature but does no damage.
You regained 5 mp, and now have 12/34 mp.
You feel a surge of power!
The magic dart hits the slime creature.
You regained 3 mp, and now have 15/34 mp.
You hit the slime creature. You squeeze the slime creature.
You feel less invigorated. The slime creature hits you!
You take 8 damage, and have 77/99 hp.
You regained 6 mp, and now have 21/34 mp.
You feel a surge of power!
You erupt in a blast of force!
The mystic blast hits the large slime creature!
The large slime creature is knocked back by the mystic blast.
The mystic blast hits the slime creature!!
You kill the slime creature!
Sif Muna accepts your kill.
You now have 17/34 mp.
You can't see any susceptible monsters within range! (Use Z to cast anyway.)
You feel a surge of power!
The magic dart hits the large slime creature!
You feel a surge of power!
The magic dart hits the large slime creature.
You now have 16/34 mp.
You feel a surge of power!
The magic dart hits the large slime creature.
You feel a surge of power!
The magic dart hits the large slime creature.
You feel a surge of power!
You erupt in a blast of force!
The mystic blast hits the large slime creature!!
The large slime creature is knocked back by the mystic blast.
You now have 12/34 mp.
You feel a surge of power!
The magic dart hits the large slime creature.
You feel a surge of power!
The magic dart hits the large slime creature.
You feel a surge of power!
You erupt in a blast of force!
The mystic blast hits the large slime creature!
The large slime creature is knocked back by the mystic blast.
You now have 8/34 mp.
You feel a surge of power!
The magic dart hits the large slime creature.
You feel a surge of power!
The magic dart hits the large slime creature.
You feel a surge of power!
You erupt in a blast of force!
The mystic blast hits the large slime creature!!
You kill the large slime creature!
Sif Muna accepts your kill.
You now have 4/34 mp.
Things that are here:
a +0 giant club; a +0 giant spiked club; a two-headed ogre corpse
Things that are here:
a +0 giant club; a +0 giant spiked club; a two-headed ogre corpse A centaur warrior comes into view.
The centaur warrior drinks a potion.
The centaur warrior seems to speed up.
The centaur warrior wields a +0 shortbow.
The centaur warrior shoots an arrow.
The arrow closely misses you.
Health restored: 99; MP restored: 34 You blink.
The centaur warrior shoots an arrow.
The arrow misses you.
The centaur warrior shoots an arrow.
You reflect the arrow off your +3 warlock's mirror {reflect}!
The arrow completely misses the centaur warrior.
You now have 32/34 mp.
Okay, then.
Unknown command.
Aim: a centaur warrior, wielding a +0 shortbow and wearing a +0 robe (fast)
You feel a surge of power!
The centaur warrior shoots an arrow.
The arrow hits you!!
The centaur warrior shoots an arrow.
The arrow hits you!
You take 27 damage, and have 72/99 hp.
MASSIVE DAMAGE!!
You now have 26/34 mp.
The orb of destruction hits the centaur warrior!!!!
You blow up the centaur warrior!
Sif Muna accepts your kill.
You regained 7 hp, and now have 79/99 hp.
MP restored: 34 Really wriggle into a travel-excluded area?
b - 9 scrolls of amnesia (gained 2)
A yaktaur captain comes into view. It is quivering curare-tipped darts.
Health restored: 99 You blink.
The yaktaur captain shouts!
You now have 32/34 mp.
Aim: a yaktaur captain, quivering curare-tipped darts You feel a surge of power!
The yaktaur captain wields a +0 arbalest.
The yaktaur captain shoots a bolt.
The bolt hits you!!!
You take 44 damage, and have 55/99 hp.
MASSIVE DAMAGE!!
You now have 26/34 mp.
The yaktaur captain shoots a bolt.
The bolt hits you!!!
* * * LOW HITPOINT WARNING * * *
You take 37 damage, and have 18/99 hp.
MASSIVE DAMAGE!!
The orb of destruction hits the yaktaur captain!!!!
The yaktaur captain shoots a bolt.
The bolt hits you!!
You die...

## ###.### ##..°@.##
#...○....##
#...○○.....##
...○.....#..#########
..○......##..#..........
..c......###............
.........# ##...........
.........# #...........
.^....# ##.....^.....


You could see a yaktaur captain.

Vanquished Creatures
  Donald (Orc:2)
  Kirke (Lair:4)
  2 orc warlords (Orc:2)
  Fannar (D:10)
  Erolcha (Orc:2)
  6 hydras
  2 ironbound frosthearts (IceCv)
  4 two-headed ogres
  2 death yaks (IceCv)
  A centaur warrior (D:13)
  3 orc high priests (Orc:2)
  Urug (D:12)
  Sonja (Lair:3)
  A hell knight (D:11)
  Amaemon (D:8)
  A deep troll (Orc:2)
  A lindwurm (Lair:5)
  5 orc knights
  5 orc sorcerers (Orc:2)
  2 deep elf pyromancers
  An ugly thing (IceCv)
  2 cyclopes
  Maurice (D:8)
  18 elephants
  2 black mambas
  A cane toad (shapeshifter) (D:11)
  An ice statue (IceCv)
  An orange demon (D:8)
  7 cane toads
  Psyche (D:8)
  A kobold demonologist (D:11)
  7 komodo dragons
  An unseen horror (D:11)
  5 rime drakes
  2 ice devils (Lair:1)
  7 trolls
  14 polar bears
  17 blink frogs
  6 hornets
  13 dream sheep (Lair:3)
  9 slime creatures
  15 spriggans (Lair:5)
  Sigmund (D:5)
  8 wyverns
  A wraith (D:12)
  3 shadows
  A human (D:11)
  8 hogs
  4 basilisks
  A fire elemental (D:11)
  72 yaks
  A steam dragon (D:7)
  4 vampire mosquitoes (D:12)
  5 wargs
  3 nagas (Lair:2)
  18 water moccasins
  A swamp drake (Lair:3)
  2 ice beasts
  38 orc warriors
  A black bear (shapeshifter) (D:13)
  8 black bears
  3 ogres
  49 wolves
  4 boggarts (Lair:5)
  5 centaurs
  4 kobold brigands
  9 bullfrogs
  2 necrophages
  2 gnoll sergeants
  6 scorpions
  11 wights
  5 killer bees
  4 howler monkeys
  A lava snake (D:11)
  21 orc priests
  A gnoll bouda (D:7)
  4 hounds
  An iron imp (D:4)
  Jessica (D:2)
  3 iguanas
  23 orc wizards
  Natasha (D:3)
  4 hell rats (Lair:4)
  A hound skeleton (D:4)
  14 gnolls
  5 adders
  A white imp (D:5)
  84 orcs
  6 ball pythons
  3 bats
  8 endoplasms
  A giant cockroach (D:4)
  5 goblins
  8 hobgoblins
  31 kobolds
  4 quokkas
  3 frilled lizards
  7 rats
  A fulminant prism (IceCv)
700 creatures vanquished.

Vanquished Creatures (collateral kills)
  Joseph (D:8)
  A kobold brigand (D:8)
  An orc priest (D:8)
3 creatures vanquished.

Vanquished Creatures (others)
  212 fulminant prisms
  76 fungi
  81 plants
369 creatures vanquished.

Grand Total: 1072 creatures vanquished

Notes
Turn   | Place    | Note
-------+----------+-------------------------------------------
     0 | D:1      | OTABOTABOTAB the Octopode Conjurer began the quest for the
                  | Orb.
     0 | D:1      | Reached XP level 1. HP: 11/11 MP: 3/3
   109 | D:1      | Identified 3 scrolls of acquirement
   109 | D:1      | Acquired the ring "Hyvuanoa" {rCorr Int+4}
   111 | D:1      | Acquired the +3 warlock's mirror {reflect}
   111 | D:1      | Found the +3 warlock's mirror {reflect}
   118 | D:1      | Acquired a staff of conjuration
   165 | D:1      | Reached XP level 2. HP: 17/17 MP: 3/5
   196 | D:1      | Learned a level 2 spell: Searing Ray
   246 | D:1      | Found a faded altar of an unknown god.
  1072 | D:1      | Reached XP level 3. HP: 21/21 MP: 5/7
  1656 | D:2      | Noticed Jessica
  1660 | D:2      | Killed Jessica
  1661 | D:2      | Reached skill level 3 in Spellcasting
  1661 | D:2      | Reached XP level 4. HP: 27/27 MP: 3/8
  2570 | D:3      | Reached skill level 4 in Spellcasting
  2570 | D:3      | Reached XP level 5. HP: 31/31 MP: 0/11
  2575 | D:3      | Learned a level 4 spell: Fulminant Prism
  2743 | D:3      | Found Ymmy Ciutu's Antique Armour Shoppe.
  2873 | D:3      | Noticed Natasha
  2878 | D:3      | Killed Natasha
  2925 | D:3      | Reached skill level 5 in Conjurations
  2955 | D:3      | Reached skill level 1 in Hexes
  3233 | D:4      | Found Tuuwolaw's General Store.
  3276 | D:4      | Reached XP level 6. HP: 27/36 MP: 7/12
  3438 | D:4      | Found a snail-covered altar of Cheibriados.
  3609 | D:4      | Learned a level 4 spell: Iskenderun's Mystic Blast
  3880 | D:4      | Reached skill level 5 in Spellcasting
  3880 | D:4      | Reached skill level 2 in Hexes
  3958 | D:4      | Found Gamycsypi's Antique Armour Boutique.
  4082 | D:4      | Found a shadowy altar of Dithmenos.
  4143 | D:4      | Found a burning altar of Makhleb.
  4151 | D:4      | Reached XP level 7. HP: 41/41 MP: 2/14
  4272 | D:4      | Found Koenoidu's Book Boutique.
  4466 | D:5      | Entered Level 5 of the Dungeon
  4471 | D:5      | Reached skill level 1 in Shields
  4810 | D:5      | Found a staircase to the Ecumenical Temple.
  4819 | Temple   | Entered the Ecumenical Temple
  4824 | Temple   | Became a worshipper of Sif Muna the Loreminder
  5090 | D:5      | Found a glowing silver altar of Zin.
  5241 | D:5      | Noticed Sigmund
  5256 | D:5      | Killed Sigmund
  5257 | D:5      | Reached skill level 2 in Shields
  5257 | D:5      | Reached skill level 6 in Spellcasting
  5257 | D:5      | Reached skill level 6 in Conjurations
  5257 | D:5      | Reached skill level 3 in Hexes
  5257 | D:5      | Reached XP level 8. HP: 40/46 MP: 0/17
  6573 | D:6      | Reached skill level 3 in Shields
  7150 | D:6      | Reached skill level 4 in Hexes
  7669 | D:6      | Reached skill level 7 in Spellcasting
  8077 | D:7      | Found Dackej's Jewellery Shoppe.
  8203 | D:7      | Reached XP level 9. HP: 51/51 MP: 10/19
  8463 | D:7      | Reached * piety under Sif Muna
  8464 | D:7      | Reached skill level 4 in Shields
  8469 | D:7      | Reached skill level 7 in Conjurations
  8574 | D:7      | Reached skill level 1 in Translocations
  8725 | D:7      | Reached skill level 5 in Hexes
  8809 | D:7      | Reached skill level 8 in Spellcasting
  8852 | D:7      | Found a hazy altar of Hepliaklqana.
  9162 | D:8      | Reached skill level 2 in Translocations
  9259 | D:8      | Noticed Joseph
  9450 | D:8      | Found a stormy altar of Qazlal.
  9496 | D:8      | HP: 11/51 [poisoned by a kobold brigand (curare-tipped
                  | dart)]
  9501 | D:8      | Killed Joseph
  9502 | D:8      | Reached skill level 5 in Shields
  9502 | D:8      | Reached skill level 3 in Translocations
  9502 | D:8      | Reached XP level 10. HP: 13/56 MP: 3/22
  9628 | D:8      | Noticed Amaemon
  9641 | D:8      | Killed Amaemon
  9642 | D:8      | Reached skill level 9 in Spellcasting
  9642 | D:8      | Noticed an orange demon
  9652 | D:8      | Killed an orange demon
  9653 | D:8      | Reached skill level 8 in Conjurations
  9835 | D:8      | Noticed Psyche
  9838 | D:8      | Killed Psyche
  9839 | D:8      | Reached skill level 4 in Translocations
  9846 | D:8      | Noticed Maurice
  9899 | D:8      | HP: 14/56 [ice beast (10)]
  9904 | D:8      | HP: 10/56 [ice beast (6)]
 10254 | D:8      | Killed Maurice
 10381 | D:8      | Reached ** piety under Sif Muna
 10416 | D:8      | Reached skill level 10 in Spellcasting
 10679 | D:8      | Acquired a book of Dangerous Friends
 10774 | D:8      | Found a staircase to the Lair.
 10959 | D:9      | Reached skill level 5 in Translocations
 11048 | D:9      | Noticed a two-headed ogre
 11051 | D:9      | Reached skill level 1 in Fighting
 11051 | D:9      | Reached XP level 11. HP: 63/63 MP: 20/25
 11057 | D:9      | Killed a two-headed ogre
 11390 | D:9      | Reached skill level 3 in Dodging
 11444 | D:9      | Found a sacrificial altar of Ru.
 11512 | D:9      | Reached skill level 2 in Fighting
 11512 | D:9      | Reached skill level 9 in Conjurations
 11599 | D:9      | Found an iron altar of Okawaru.
 11599 | D:9      | Found a broken altar of Ashenzari.
 11600 | D:9      | Found a shimmering altar of Xom.
 11860 | D:9      | Noticed a two-headed ogre
 11866 | D:9      | Killed a two-headed ogre
 11921 | D:10     | Entered Level 10 of the Dungeon
 12174 | D:10     | Noticed Fannar
 12288 | D:10     | Reached skill level 11 in Spellcasting
 12311 | D:10     | Reached skill level 6 in Shields
 12400 | D:10     | HP: 9/66 [Fannar/bolt of cold (25)]
 12400 | D:10     | Killed Fannar
 12401 | D:10     | Reached skill level 1 in Invocations
 13265 | D:11     | Reached skill level 2 in Invocations
 13501 | D:11     | Noticed a hell knight
 13689 | D:11     | Noticed a two-headed ogre
 13698 | D:11     | Killed a two-headed ogre
 13870 | D:11     | Reached XP level 12. HP: 72/72 MP: 18/27
 13871 | D:11     | Reached skill level 3 in Invocations
 14171 | D:11     | Reached *** piety under Sif Muna
 14271 | D:12     | Reached skill level 7 in Shields
 14279 | D:12     | Reached skill level 10 in Conjurations
 14348 | D:12     | Reached skill level 12 in Spellcasting
 14497 | D:12     | Reached skill level 4 in Invocations
 14730 | D:12     | Found a staircase to the Orcish Mines.
 14809 | D:12     | Noticed Urug
 14820 | D:12     | Killed Urug
 14984 | D:12     | Reached skill level 5 in Invocations
 15502 | Orc:1    | Entered Level 1 of the Orcish Mines
 15590 | Orc:1    | Found Uwankog's General Store.
 15868 | Orc:2    | Entered Level 2 of the Orcish Mines
 15903 | Orc:2    | Noticed an orc warlord
 15905 | Orc:2    | Reached skill level 8 in Shields
 15997 | Orc:2    | Noticed Donald
 16005 | Orc:2    | Noticed an orc high priest
 16005 | Orc:2    | Noticed Erolcha
 16007 | Orc:2    | Killed an orc warlord
 16008 | Orc:2    | Reached skill level 13 in Spellcasting
 16008 | Orc:2    | Reached XP level 13. HP: 28/76 MP: 6/30
 16135 | Orc:2    | Killed Erolcha
 16136 | Orc:2    | Reached skill level 6 in Invocations
 16136 | Orc:2    | Killed Donald
 16137 | Orc:2    | Reached skill level 11 in Conjurations
 16138 | Orc:2    | Reached **** piety under Sif Muna
 16316 | Orc:2    | Found a staircase to the Elven Halls.
 16393 | Orc:2    | Reached skill level 7 in Invocations
 16482 | Orc:2    | Reached skill level 9 in Shields
 16629 | Orc:2    | Noticed an orc warlord
 16639 | Orc:2    | Killed an orc warlord
 16783 | Orc:2    | Found Goaph's Antique Armour Emporium.
 16785 | Orc:2    | Found Bueli's Antique Weapon Shoppe.
 16792 | Orc:2    | Bought a buzzing hat for 270 gold pieces
 16792 | Orc:2    | Identified the +1 hat "Ucuef" {Will+ Slay+3 Stlth+} (You
                  | bought it in a shop on level 2 of the Orcish Mines)
 16954 | Orc:2    | Reached ***** piety under Sif Muna
 16954 | Orc:2    | Received a gift from Sif Muna
 16955 | Orc:2    | Got Sif Muna's Lessons on Weather {god gift}
 17395 | Orc:2    | Reached skill level 14 in Spellcasting
 17782 | Orc:2    | Found Zoahoj's Weapon Boutique.
 17948 | Orc:2    | Found Lueshr Buat's Antique Weapon Emporium.
 18205 | Lair:1   | Entered Level 1 of the Lair of Beasts
 18220 | Lair:1   | Found a frozen archway.
 18236 | IceCv    | Entered an ice cave
 18831 | IceCv    | Reached XP level 14. HP: 81/81 MP: 22/32
 19073 | IceCv    | Reached skill level 8 in Invocations
 19622 | IceCv    | Reached skill level 12 in Conjurations
 20028 | IceCv    | HP: 6/81 [something (28)]
 20043 | IceCv    | HP: 17/81 [something (15)]
 20053 | IceCv    | HP: 7/81 [something (20)]
 20568 | Lair:1   | Reached skill level 10 in Shields
 21202 | Lair:2   | Found a staircase to the Snake Pit.
 21424 | Lair:2   | Received a gift from Sif Muna
 21425 | Lair:2   | Got Eqecy's Almanac of the Shifting Glacier {god gift}
 21648 | Lair:2   | Reached skill level 3 in Fighting
 21648 | Lair:2   | Reached skill level 15 in Spellcasting
 21900 | Lair:2   | Reached skill level 4 in Dodging
 21900 | Lair:2   | Reached skill level 9 in Invocations
 22384 | Lair:3   | Found a staircase to the Swamp.
 22394 | Lair:3   | Noticed Sonja
 22401 | Lair:3   | Killed Sonja
 22402 | Lair:3   | Reached skill level 4 in Fighting
 22762 | Lair:3   | Reached skill level 5 in Dodging
 23064 | Lair:4   | Reached XP level 15. HP: 91/91 MP: 11/34
 23069 | Lair:4   | Reached skill level 5 in Fighting
 23070 | Lair:4   | Reached skill level 10 in Invocations
 23110 | Lair:4   | Reached skill level 13 in Conjurations
 23363 | Lair:4   | Reached skill level 6 in Dodging
 23849 | Lair:4   | Found a staircase to the Slime Pits.
 23855 | Lair:4   | Noticed Kirke
 23866 | Lair:4   | Killed Kirke
 23867 | Lair:4   | Reached skill level 6 in Fighting
 23899 | Lair:5   | Entered Level 5 of the Lair of Beasts
 24096 | Lair:5   | Paralysed by a hornet for 1 turns
 24339 | Lair:5   | Reached skill level 7 in Dodging
 24637 | Lair:5   | Received a gift from Sif Muna
 24638 | Lair:5   | Got Xydev's Parchment of Snow {god gift}
 24756 | Lair:5   | Reached skill level 7 in Fighting
 25963 | Orc:1    | Found a shimmering altar of Xom.
 26235 | D:13     | Reached skill level 8 in Dodging
 26356 | D:12     | Learned a level 7 spell: Orb of Destruction
 26359 | D:12     | Learned a level 2 spell: Blink
 26363 | D:12     | Learned a level 3 spell: Swiftness
 26381 | D:13     | Reached skill level 14 in Conjurations
 26655 | D:13     | HP: 18/99 [yaktaur captain/bolt (37)]
 26656 | D:13     | Shot with a bolt by a yaktaur captain

Illustrated notes

Levels and vault maps discovered:
D:1:      minmay_arrival_hallway, layout_loops_corners, basic_ecumenical_altar,
          minmay_unequal
D:2:      layout_loops_ring, uniq_jessica
D:3:      layout_basic, serial_shops, nicolae_shop_advertising_works
          [nicolae_subvault_shop_adworks], minmay_shallow_snake_nest,
          uniq_natasha
D:4:      layout_rooms, grunt_dithmenos_smoke_and_mirrors,
          makhleb_blood_cavern_becter, slow_altar_1, serial_shops,
          nicolae_square_shop, nicolae_shop_temple_entry_statues_fountains,
          kennysheep_mini_moat, chequers_serial_rivers_large_a,
          minmay_fractal_squares_gapless_5
D:5:      layout_layer_cave, mainiacjoe_overflow_cross_hatched,
          lemuel_temple_firewalk_b, uniq_sigmund
D:6:      layout_basic
D:7:      layout_basic, nicolae_hepliaklqana_hazy_memory, serial_shops,
          nicolae_stop_n_shop_2
D:8:      layout_basic, nicolae_qazlal_style_of_elements,
          grunt_lair_entry_orc_guard_hut, uniq_amaemon, uniq_psyche,
          uniq_joseph, uniq_maurice
D:9:      layout_roguey, nicolae_overflow_crystal_walls,
          gammafunk_temple_overflow_claw
D:10:     layout_loops_ring, uniq_fannar
D:11:     layout_long_grid, grunt_livestock, kennysheep_island_fort
D:12:     layout_basic, orc_0_dummy, serial_glass, glass_columns_a,
          glass_columns_a, glass_columns_a, glass_columns_a, glass_columns_a,
          glass_columns_a, uniq_urug
D:13:     layout_cave_pods, david_vaults_2
Temple:   nicolae_temple_bog_church
Lair:1:   layout_loops_ring, portal_ice_cave_demonic_guard, grunt_megastairs_2
Lair:2:   layout_roguey, guppyfry_snake_entry_island
Lair:3:   layout_cave_shapes, minmay_swamp_entry_reptiles, uniq_sonja
Lair:4:   layout_roguey, slime_entry_1, grunt_megastairs_3, uniq_kirke
Lair:5:   minmay_lair_end_enchanted_forest, layout_long_grid,
          infiniplex_staircase_pool_2
Orc:1:    layout_caves, basic_altar, serial_shops, nicolae_shop_waterfront
Orc:2:    grunt_orc_community_town_hall, layout_diamond_mine,
          grunt_orc_community_big_house_2, grunt_orc_community_big_house_2,
          grunt_orc_community_house_3, grunt_orc_community_house_1,
          grunt_orc_community_house_3, grunt_orc_community_house_1,
          guppyfry_orc_lava_fort, uniq_donald, uniq_erolcha

Skill      XL: |  1  2  3  4  5  6  7  8  9 10 11 12 13 14 15 |
---------------+----------------------------------------------+-----
Spellcasting   | 3 4 5 6 7 8 10 11 13 14 15 | 15.0
Conjurations   | 5 6 7 8 9 10 11 12 14 | 14.1
Hexes          | 1 2 3 4 5 |  5.0
Shields        | 2 3 5 6 8 9 10 | 10.0
Translocations | 3 5 |  5.0
Fighting       | 1 2 4 7 |  7.8
Dodging        | 3 5 8 |  8.2
Invocations    | 2 5 7 9 10 | 10.0
Stealth        | |  2.9

Action                   |  1- 3 |  4- 6 |  7- 9 | 10-12 | 13-15 || total
-------------------------+-------+-------+-------+-------+-------++-------
Melee: Staff             |     9 |    19 |       |    17 |    24 ||    69
       Punch             |     2 |     1 |       |     1 |       ||     4
       Constrict         |     2 |     5 |       |       |     8 ||    15
       Tentacles         |     2 |     4 |       |     2 |    10 ||    18
 Cast: Magic Dart        |    36 |    76 |    54 |    47 |   285 ||   498
       Searing Ray       |       |     6 |    16 |    11 |    25 ||    58
       Iskenderun's Myst |       |     2 |    15 |    58 |   298 ||   373
       Fulminant Prism   |       |     1 |    33 |   109 |    71 ||   214
       Blink             |       |       |       |       |     2 ||     2
       Orb of Destructio |       |       |       |       |     2 ||     2
Invok: Channel Magic     |       |       |       |     9 |    11 ||    20
  Use: Scroll            |     3 |     8 |     9 |     6 |     5 ||    31
       Potion            |       |       |     1 |     4 |     2 ||     7
Armor: Skin              |       |       |       |    14 |     6 ||    20
Dodge: Dodged            |     3 |    16 |     7 |    30 |    68 ||   124
Block: Buckler           |     5 |     7 |    10 |    24 |    62 ||   108
       Reflection        |       |     2 |     7 |     7 |    10 ||    26

Table legend: (Time is in decaauts)
 A = Elapsed time spent in this place.
 B = Non-inter-level travel time spent in this place.
 C = Inter-level travel time spent in this place.
 D = Time resting spent in this place.
 E = Time spent auto-exploring this place.
 F = Levels seen in this place.
 G = Mean time per level.
                   A        B        C        D        E       F      G
               +--------+--------+--------+--------+--------+-----+--------+
         Total |  26699 |  25665 |   1034 |   4080 |  18461 |  22 | 1213.6 |
       Dungeon |  16276 |  15606 |    670 |   2693 |  11343 |  13 | 1252.0 |
        Temple |     60 |     51 |      9 |      0 |     40 |   1 |   60.0 |
          Lair |   5623 |   5444 |    179 |    270 |   4351 |   5 | 1124.6 |
  Orcish Mines |   2817 |   2641 |    176 |    738 |   1503 |   2 | 1408.5 |
      Ice Cave |   1920 |   1920 |      0 |    379 |   1224 |   1 | 1920.0 |
               +--------+--------+--------+--------+--------+-----+--------+

Top non-repeatable levels by time:
   Orc:2: 2083 daAuts
     D:5: 1933 daAuts
   IceCv: 1920 daAuts
     D:8: 1821 daAuts
  Lair:5: 1754 daAuts
     D:6: 1704 daAuts
    D:10: 1279 daAuts
     D:1: 1272 daAuts
    D:12: 1264 daAuts
     D:4: 1233 daAuts
  Lair:2: 1218 daAuts
    D:11: 1202 daAuts
     D:3: 1183 daAuts
     D:9: 1149 daAuts
  Lair:1: 1094 daAuts

Table legend:
 A = Kills in this place as a percentage of kills in entire the game.
 B = Kills by you in this place as a percentage of kills by you in the entire game.
 C = Kills by friends in this place as a percentage of kills by friends in the entire game.
 D = Other kills in this place as a percentage of other kills in the entire game.
 E = Experience gained in this place as a percentage of experience gained in the entire game.
 F = Experience gained in this place divided by the number of levels of this place that you have seen.
                   A       B       C       D       E      F
               +-------+-------+-------+-------+-------+----------------------
         Total | 100.0 | 100.0 | 100.0 |   N/A | 100.0 | 5614.3
       Dungeon |  40.9 |  40.6 | 100.0 |   N/A |  26.7 | 2540.2
          Lair |  30.3 |  30.5 |   0.0 |   N/A |  44.3 | 10934.8
  Orcish Mines |  21.7 |  21.7 |   0.0 |   N/A |  18.2 | 11248.5
      Ice Cave |   7.1 |   7.2 |   0.0 |   N/A |  10.8 | 13322.0
               +-------+-------+-------+-------+-------+----------------------
